 Dungeon Crawl Stone Soup version 0.31-a0-210-gccc998df9b (webtiles) character file.

Game seed: 3610627877153027512

2030 puppykicker the Covert (level 9, -2/63 HPs)
             Began as a Vampire Enchanter on July 1, 2023.
             Was a Believer of Ignis.
             Slain by a boulder beetle (12 damage)
             ... on level 6 of the Dungeon.
             The game lasted 00:24:53 (6188 turns).

puppykicker the Covert (Vampire Enchanter)          Turns: 6188, Time: 00:24:54

Health: -2/63      AC: 12    Str:  9    XL:     9   Next: 3%
Magic:  1/12       EV: 11    Int: 19    God:    Ignis [**....]
Gold:   104        SH:  4    Dex: 11    Spells: 7/12 levels left

rFire   + . .        a - +6 dagger of Beyond {venom, rPois rCorr Dex-4}
rCold   + . .        m - +0 buckler
rNeg    . . .        k - +0 leather armour
rPois   +            (no helmet)
rElec   .            (no cloak)
rCorr   +            j - +1 pair of gloves
SInv    +            (no boots)
Will    .....        (no amulet)
Stlth   ++++         I - ring of protection from cold
HPRegen 0.50/turn    (no ring)
MPRegen 0.13/turn

%: no passive effects
@: fiery-armoured, healing quickly
A: alive, fangs 3, see invisible, vampiric 2
a: Exsanguinate, Renounce Religion, Fiery Armour, Foxfire Swarm, Rising Flame


You were on level 6 of the Dungeon.
You worshipped Ignis.
Ignis was pleased with you.
You visited 1 branch of the dungeon, and saw 6 of its levels.
You also visited: Ossuary.

You collected 366 gold pieces.
You spent 262 gold pieces at shops.

Inventory:

Hand Weapons
 a - the +6 dagger of Beyond (weapon) {venom, rPois rCorr Dex-4}
   (You found it on level 3 of the Dungeon)

   Dex:       It affects your dexterity (-4).
   rPois:     It protects you from poison.
   rCorr:     It protects you from acid and corrosion.
 b - the +4 rapier "Goblinbane" {vamp, rCorr Dex+2}
   (You found it on level 4 of the Dungeon)

   Dex:       It affects your dexterity (+2).
   rCorr:     It protects you from acid and corrosion.
 w - the +3 triple sword "Ytitil" {freeze, rN+ Will+ Int-4}
   (You took it off a centaur on level 4 of the Dungeon)

   Int:       It affects your intelligence (-4).
   rN:        It protects you from negative energy.
   Will:      It increases your willpower.
Missiles
 d - 15 poisoned darts
Armour
 j - a +1 pair of gloves (worn)
 k - a +0 leather armour (worn)
 m - a +0 buckler (worn)
 s - a +2 chain mail of cold resistance {rC+}
 v - a +0 cloak
Jewellery
 I - a ring of protection from cold (left hand)
Wands
 y - a wand of paralysis (8)
 D - a wand of digging (4)
 E - a wand of roots (7)
Scrolls
 f - 2 scrolls of enchant armour
 h - 2 scrolls of enchant weapon
 i - a scroll of amnesia {unknown}
 q - 2 scrolls of revelation
 t - 7 scrolls of teleportation
 u - 2 scrolls of noise {unknown}
 x - a scroll of butterflies {unknown}
 B - a scroll of blinking {!r}
Potions
 c - 2 potions of invisibility
 e - 2 potions of lignification {unknown}
 g - a potion of cancellation {unknown}
 l - 4 potions of heal wounds
 n - 3 potions of might {unknown}
 o - 4 potions of curing {unknown}
 p - 3 potions of attraction {!q}
 r - a potion of brilliance
 z - 4 potions of haste {unknown}
 A - 3 potions of berserk rage {unknown}
 C - 4 potions of enlightenment {unknown}


   Skills:
 - Level 3.0 Fighting
 + Level 6.0 Short Blades
 - Level 2.1 Dodging
 + Level 9.5 Stealth
 - Level 3.0 Shields
 - Level 2.0 Spellcasting
 + Level 8.8 Hexes
 - Level 5.0 Ice Magic


You had 7 spell levels left.
You knew the following spells:

 Your Spells              Type           Power      Damage    Failure   Level
a - Ensorcelled Hibernat  Hex/Ice        56%        N/A       3%          2
d - Tukima's Dance        Hex            35%        N/A       3%          3

Your spell library contained the following spells:

 Spells                   Type           Power      Damage    Failure   Level
 Confusing Touch          Hex            35%        N/A       3%          3
 Dazzling Flash           Conj/Hex       36%        N/A       19%         3
 Beastly Appendage        Tmut           2%         N/A       34%         1
 Wereblood                Tmut           1%         N/A       47%         2
 Spider Form              Tmut/Pois      1%         N/A       71%         3


Dungeon Overview and Level Annotations

Branches:
Dungeon (6/15)             Temple (0/1) D:6         Ossuary (visited)

Altars:
Cheibriados
Gozag
Kikubaaqudgha
Makhleb
Qazlal
Sif Muna
Vehumet
Wu Jian
Yredelemnul
Ignis

Shops:
D:1 [   D:3 *[:[

Annotations:
D:6 3 runed translucent doors, IdlyInterested's ghost, novice DsFi


Innate Abilities, Weirdness & Mutations

Your natural rate of healing is accelerated.
You have razor-sharp teeth.
You have supernaturally acute eyesight. (SInv)
You are afflicted with vampirism and can become a bat while bloodless.


Message History

You kill the rat!
You hit the boulder beetle.
The boulder beetle leaps!
You start resting.
A boulder beetle is nearby!
You see here a rat corpse.
You barely miss the boulder beetle. You bite the boulder beetle.
Casting: Ensorcelled Hibernation (safe; 3% risk of failure)
Aiming: Ensorcelled Hibernation (safe; 3% risk of failure)
Press: ? - help, Shift-Dir - straight line, f - boulder beetle
Aim: a boulder beetle (lightly wounded, chance to affect: 41%)
The boulder beetle resists with some effort.
The boulder beetle bites you.
You take 6 damage, and have 37/63 hp.
You now have 5/12 mp.
Casting: Ensorcelled Hibernation (safe; 3% risk of failure)
Aiming: Ensorcelled Hibernation (safe; 3% risk of failure)
Press: ? - help, Shift-Dir - straight line, f/p - boulder beetle
Aim: a boulder beetle (lightly wounded, chance to affect: 41%)
The boulder beetle resists with some effort.
* * * LOW MAGIC WARNING * * *
The boulder beetle bites you!!
* * * LOW HITPOINT WARNING * * *
You take 17 damage, and have 20/63 hp.
MASSIVE DAMAGE!!
You now have 3/12 mp.
Casting: Ensorcelled Hibernation (safe; 3% risk of failure)
Aiming: Ensorcelled Hibernation (safe; 3% risk of failure)
Press: ? - help, Shift-Dir - straight line, f/p - boulder beetle
Aim: a boulder beetle (lightly wounded, chance to affect: 41%)
The boulder beetle looks drowsy...
* * * LOW MAGIC WARNING * * *
You now have 1/12 mp.
The helpless boulder beetle fails to defend itself.
You perforate the boulder beetle like a sieve!!!
The boulder beetle is poisoned.
The boulder beetle bites you!
* * * LOW HITPOINT WARNING * * *
You take 10 damage, and have 10/63 hp.
Unknown command.
The boulder beetle attacks as you move away!
The boulder beetle bites you!
You die...

#.####.,#**#.....##.#...##~~~
#.#**,##≈,#######........####
###,~,,.#.h## #.#.#....#.#.
*,,*,**....#####.#..........
***.~,**.#.#...........##.##
*⌠,#[#.##.⌠#...#..##..###.#
**~,,,#~.)##.#.#..##..###.##
*~,,~##..#B#.#..............
**~,~#~#~##@.####.#######.##
**,#...#~.~#.#**#.# #.#.
*~*#.##≈#..#......# #.#)
*,**..#.########### #...
*~_.~..~~,,* #...
*,,~...,*~** #.##
**,~~.~**,** #.# **~*^~~***
#.# **,,,,** #.#


You could see a boulder beetle (very poisoned) and a black bear (asleep).

Levels and vault maps discovered:
D:1:      grunt_arrival_lava_bath, layout_rooms, serial_shops,
          nicolae_shop_statue_plus
D:2:      wad_crossroads, layout_basic, serial_forest,
          infiniplex_forest_clump_curved, infiniplex_forest_lined_3_way,
          infiniplex_forest_lined_room_2, infiniplex_forest_clump_double,
          infiniplex_forest_straight_2, infiniplex_forest_straight_3,
          infiniplex_forest_lined_room_2, infiniplex_forest_clump_small,
          infiniplex_forest_clump_long, infiniplex_forest_clump_C,
          nicolae_wormholes
D:3:      layout_loops_cross, nicolae_overflow_ecumenical_swirl, serial_shops,
          nicolae_lakefront_shop, nicolae_shop_hallway_stairs,
          nicolae_shop_overgrown_old_shop, nicolae_shop_stone, serial_glass,
          glass_columns_b, glass_columns_b
D:4:      minmay_bubble_buster, layout_loops_ring, lightli_temple_of_fire,
          general_overflow_altar, chequers_serial_rivers_small_3, minmay_unequal
D:5:      layout_loops_cross, yredelemnul_forgotten_temple_becter,
          minmay_curled_crystal, kennysheep_flooded_box, minmay_strange_pillars,
          hangedman_decor_slide_cut, st_stairs_9, minmay_misc_feat_x,
          chequers_serial_rivers_large_b
D:6:      layout_loops_cross, tgw_xom, led_sif_pool,
          minmay_overflow_temple_star_hex, minmay_temple_entry_glass,
          gammafunk_ghost_necromancy, gup_ossuary_entry_pyramid,
          kennysheep_generic_room_14, uniq_edmund

Notes
Turn   | Place    | Note
-------+----------+-------------------------------------------
     0 | D:1      | puppykicker the Vampire Enchanter began the quest for the
                  | Orb.
     0 | D:1      | Reached XP level 1. HP: 13/13 MP: 3/3
    47 | D:1      | Identified a ring of protection from cold
    96 | D:1      | Identified a +0 dagger
    96 | D:1      | Identified a +0 club
   110 | D:1      | Reached XP level 2. HP: 20/20 MP: 5/5
   113 | D:1      | Learned a level 2 spell: Ensorcelled Hibernation
   217 | D:1      | Identified a +0 ring mail
   254 | D:1      | Found Gadd's Armour Shop.
   354 | D:1      | Identified a +0 dagger
   397 | D:1      | Identified a +0 leather armour
   498 | D:1      | Identified 4 scrolls of teleportation
   591 | D:2      | Identified a +2 vampiric short sword
   595 | D:2      | Noticed a scorpion
   595 | D:2      | Identified a +0 dagger
   608 | D:1      | Killed a scorpion
   609 | D:1      | Reached skill level 1 in Fighting
   609 | D:1      | Reached skill level 2 in Short Blades
   609 | D:1      | Reached skill level 5 in Stealth
   609 | D:1      | Reached skill level 5 in Hexes
   609 | D:1      | Reached skill level 1 in Ice Magic
   609 | D:1      | Gained mutation: You are afflicted with vampirism and can
                  | become a bat while bloodless. [Vampire growth]
   609 | D:1      | Reached XP level 3. HP: 12/26 MP: 2/6
   609 | D:1      | Reached XP level 4. HP: 15/32 MP: 2/7
   698 | D:2      | Identified a +0 club
   703 | D:2      | Identified a +1 dagger
   821 | D:1      | Bought a +0 pair of gloves for 58 gold pieces
   864 | D:2      | Identified a +0 leather armour
  1037 | D:2      | Reached XP level 5. HP: 31/38 MP: 1/8
  1043 | D:2      | Learned a level 3 spell: Tukima's Dance
  1232 | D:2      | Identified a +0 sling
  1232 | D:2      | Identified a +0 dagger
  1253 | D:2      | Identified a +0 club
  1581 | D:2      | Identified a +0 buckler
  1738 | D:3      | Found Qotra's Antique Armour Boutique.
  1866 | D:3      | Identified a +0 club
  1878 | D:3      | Identified 2 scrolls of enchant weapon
  1913 | D:3      | Found Jiecupy's Book Emporium.
  1914 | D:3      | Found Litaplett's Antique Armour Boutique.
  1935 | D:3      | Identified the +6 dagger of Beyond {venom, rPois rCorr
                  | Dex-4}
  1967 | D:3      | Identified a +0 dagger
  2043 | D:3      | Identified a +0 whip
  2262 | D:3      | Found Paotax's Assorted Antiques.
  2270 | D:3      | Bought a bubbling white potion for 27 gold pieces
  2383 | D:3      | Bought a cyan potion for 27 gold pieces
  2457 | D:3      | Found a faded altar of an unknown god.
  2459 | D:3      | Found a radiant altar of Vehumet.
  2467 | D:3      | Prayed at the altar of an unknown god.
  2467 | D:3      | Became a worshipper of Ignis, the Dying Flame
  2583 | D:4      | Identified a +0 hand axe
  2583 | D:4      | Identified a +0 chain mail
  2588 | D:4      | Identified a +0 falchion
  2588 | D:4      | Identified a +0 leather armour
  2590 | D:4      | Identified a +0 hand axe
  2592 | D:4      | Identified a +0 dagger
  2592 | D:4      | Identified a +0 robe
  2599 | D:4      | Identified a +0 trident
  2599 | D:4      | Identified a +2 chain mail of cold resistance
  2600 | D:4      | Reached skill level 2 in Fighting
  2637 | D:4      | Found a burning altar of Makhleb.
  2690 | D:4      | Reached skill level 2 in Ice Magic
  2737 | D:4      | Reached skill level 6 in Stealth
  2775 | D:3      | Bought a scroll labelled USYMIA BIFOAPN for 30 gold pieces
  2847 | D:4      | Identified the +0 scale mail of Hedonism {Int+5}
  2855 | D:4      | Identified a +0 club
  2862 | D:4      | Identified a +0 short sword
  2875 | D:4      | Identified a +0 whip
  2875 | D:4      | Noticed an ice beast
  2887 | D:4      | Identified a +0 giant club
  2887 | D:4      | Noticed an ogre
  2895 | D:4      | Killed an ice beast
  2896 | D:4      | Reached skill level 3 in Short Blades
  2896 | D:4      | Reached skill level 1 in Shields
  2896 | D:4      | Reached XP level 6. HP: 31/46 MP: 9/9
  2907 | D:4      | Reached skill level 6 in Hexes
  2920 | D:4      | Identified the +4 rapier "Goblinbane" {vamp, rCorr Dex+2}
  2925 | D:4      | Identified a +0 cloak
  2938 | D:4      | Identified 2 scrolls of identify
  2938 | D:4      | Identified a scroll of revelation
  2939 | D:4      | Identified a scroll of blinking
  2940 | D:4      | Identified a scroll of fear
  2959 | D:4      | Reached XP level 7. HP: 49/51 MP: 5/10
  3048 | D:4      | Identified a +0 short sword
  3051 | D:4      | Identified a +0 club
  3061 | D:4      | Identified 4 potions of heal wounds
  3083 | D:4      | Identified a +0 club
  3083 | D:4      | Identified a +0 whip
  3083 | D:4      | Identified a +0 mace
  3219 | D:4      | Identified the +3 triple sword "Ytitil" {freeze, rN+ Will+
                  | Int-4}
  3219 | D:4      | Identified a +1 shortbow of freezing
  3232 | D:4      | Reached skill level 3 in Fighting
  3323 | D:4      | Identified a +0 whip
  3333 | D:4      | Found an ornate altar of the Wu Jian Council.
  3365 | D:4      | Identified a +0 club
  3373 | D:4      | Reached skill level 7 in Stealth
  3373 | D:4      | Reached skill level 2 in Shields
  3380 | D:4      | Identified a +0 dagger
  3388 | D:4      | Identified a +0 club
  3466 | D:4      | Identified a +0 mace
  3757 | D:4      | Identified a +0 robe
  3834 | D:5      | Entered Level 5 of the Dungeon
  3996 | D:5      | Identified a +0 flail
  4102 | D:5      | Reached skill level 4 in Short Blades
  4102 | D:5      | Reached skill level 3 in Ice Magic
  4266 | D:3      | Bought a tapered glass wand for 120 gold pieces
  4292 | D:5      | Identified a +0 mace
  4292 | D:5      | Identified a +0 ring mail
  4294 | D:5      | Identified a +0 club
  4297 | D:5      | Identified a +0 mace
  4297 | D:5      | Identified a +0 ring mail
  4297 | D:5      | Identified a +0 club
  4297 | D:5      | Identified a +0 leather armour
  4297 | D:5      | Identified a +0 dagger
  4436 | D:5      | Identified a +0 spear
  4441 | D:5      | Identified a +0 spear
  4441 | D:5      | Identified a +0 club
  4441 | D:5      | Identified a +0 leather armour
  4450 | D:5      | Identified a +0 spear
  4450 | D:5      | Identified a +0 whip
  4457 | D:5      | HP: 12/52 [gnoll/+0 spear[a gnoll bouda] (2)]
  4643 | D:5      | Found a basalt altar of Yredelemnul.
  4714 | D:5      | Identified a +0 dagger
  4714 | D:5      | Identified a +0 robe
  4714 | D:5      | Identified a +0 hand axe
  4714 | D:5      | Identified a +0 ring mail
  4714 | D:5      | Identified a +0 club
  4714 | D:5      | Identified a +0 scale mail
  4734 | D:5      | Reached skill level 7 in Hexes
  4956 | D:5      | Identified a +0 war axe
  4957 | D:5      | Identified a +0 shortbow
  4967 | D:5      | Reached XP level 8. HP: 58/58 MP: 6/11
  4970 | D:5      | Identified a +0 leather armour
  5049 | D:6      | Identified a +0 dagger
  5049 | D:6      | Identified a +0 short sword
  5052 | D:6      | Identified a +0 whip
  5083 | D:6      | Found a sand-covered staircase.
  5090 | Ossuary  | Entered an ossuary
  5149 | Ossuary  | Reached skill level 8 in Stealth
  5233 | Ossuary  | Reached skill level 3 in Shields
  5289 | Ossuary  | Reached skill level 5 in Short Blades
  5289 | Ossuary  | Reached skill level 4 in Ice Magic
  5532 | D:6      | Identified a +0 dire flail of draining
  5532 | D:6      | Identified a +0 chain mail
  5532 | D:6      | Noticed Edmund
  5536 | D:6      | Killed Edmund
  5537 | D:6      | Reached skill level 8 in Hexes
  5596 | D:6      | Identified a +0 giant spiked club
  5599 | D:6      | Identified a +4 mace
  5599 | D:6      | Identified a +0 robe
  5604 | D:6      | Identified a +3 dire flail
  5604 | D:6      | Identified a +0 robe
  5605 | D:6      | Reached skill level 9 in Stealth
  5677 | D:6      | Identified a +0 spear
  5677 | D:6      | Identified a +0 robe
  5767 | D:6      | Found a stormy altar of Qazlal.
  5767 | D:6      | Found an ancient bone altar of Kikubaaqudgha.
  5785 | D:6      | Found a snail-covered altar of Cheibriados.
  5788 | D:6      | Found an opulent altar of Gozag.
  5849 | D:6      | Identified a +5 falchion
  5849 | D:6      | Identified a +0 robe
  5896 | D:6      | Found a shimmering blue altar of Sif Muna.
  5978 | D:6      | Found a runed translucent gate.
  5979 | D:6      | Found a runed translucent gate.
  5979 | D:6      | Found a runed translucent gate.
  5981 | D:6      | Noticed a spectral unseen horror
  5981 | D:6      | Noticed IdlyInterested's ghost (novice DsFi)
  5985 | D:6      | Identified a +0 robe
  6038 | D:6      | Reached XP level 9. HP: 60/62 MP: 12/12
  6151 | D:6      | Identified a +0 short sword
  6152 | D:6      | Noticed a boulder beetle
  6170 | D:6      | Reached skill level 6 in Short Blades
  6170 | D:6      | Reached skill level 5 in Ice Magic
  6171 | D:6      | HP: 11/63 [boulder beetle (6)]
  6187 | D:6      | HP: 10/63 [boulder beetle (11)]
  6188 | D:6      | Slain by a boulder beetle

Table legend: (Time is in decaauts)
 A = Elapsed time spent in this place.
 B = Non-inter-level travel time spent in this place.
 C = Inter-level travel time spent in this place.
 D = Time resting spent in this place.
 E = Time spent auto-exploring this place.
 F = Levels seen in this place.
 G = Mean time per level.
                   A        B        C        D        E       F      G
               +--------+--------+--------+--------+--------+-----+--------+
         Total |   6183 |   5695 |    488 |    846 |   3436 |   7 |  883.3 |
       Dungeon |   5803 |   5315 |    488 |    784 |   3333 |   6 |  967.2 |
       Ossuary |    379 |    379 |      0 |     62 |    103 |   1 |  379.0 |
               +--------+--------+--------+--------+--------+-----+--------+

Top non-repeatable levels by time:
     D:4: 1347 daAuts
     D:5: 1160 daAuts
     D:2: 1064 daAuts
     D:3: 847 daAuts
     D:6: 724 daAuts
     D:1: 660 daAuts
 Ossuary: 379 daAuts

Table legend:
 A = Kills in this place as a percentage of kills in the entire game.
 B = Kills by you in this place as a percentage of kills by you in the entire game.
 C = Kills by friends in this place as a percentage of kills by friends in the entire game.
 D = Other kills in this place as a percentage of other kills in the entire game.
 E = Experience gained in this place as a percentage of experience gained in the entire game.
 F = Experience gained in this place divided by the number of levels of this place that you have seen.
                   A       B       C       D       E      F
               +-------+-------+-------+-------+-------+----------------------
         Total | 100.0 | 100.0 |   N/A |   N/A | 100.0 | 414.4
       Dungeon |  76.2 |  76.2 |   N/A |   N/A |  85.3 | 412.3
       Ossuary |  23.8 |  23.8 |   N/A |   N/A |  14.7 | 427.0
               +-------+-------+-------+-------+-------+----------------------

Skill      XL: |  1  2  3  4  5  6  7  8  9 |
---------------+----------------------------+-----
Fighting       | 1 2 3 |  3.0
Short Blades   | 2 3 4 5 6 |  6.0
Stealth        | 5 6 7 9 |  9.5
Hexes          | 5 6 7 8 |  8.8
Ice Magic      | 1 2 3 4 5 |  5.0
Shields        | 1 2 3 |  3.0
Dodging        | |  2.1
Spellcasting   | |  2.0

Action                     |  1- 3 |  4- 6 |  7- 9 || total
---------------------------+-------+-------+-------++-------
  Melee: Dagger            |    48 |     9 |   134 ||   191
         Bite              |     4 |    13 |    38 ||    55
         Punch             |     1 |     1 |       ||     2
         Short sword       |       |   144 |       ||   144
         Rapier            |       |     2 |   152 ||   154
   Cast: Ensorcelled Hiber |     2 |    15 |    31 ||    48
 Invoke: Fiery Armour      |       |     1 |     6 ||     7
    Use: Scroll            |     1 |     5 |     4 ||    10
         Potion            |       |       |     1 ||     1
   Stab: Sleeping          |     7 |    15 |    19 ||    41
         Distracted        |       |     2 |       ||     2
 Armour: Robe              |     8 |     3 |       ||    11
         Leather armour    |       |    33 |    88 ||   121
  Dodge: Dodged            |    19 |    62 |   148 ||   229
  Block: Buckler           |       |     7 |    76 ||    83

Vanquished Creatures
  Edmund (D:6)
  2 ice beasts
  2 ogres
  2 centaurs
  A phantom (D:6)
  A kobold brigand (D:6)
  2 elf zombies (Ossuary)
  2 scorpions
  4 wights
  A howler monkey (D:4)
  A centaur zombie (Ossuary)
  3 hounds
  3 human zombies (Ossuary)
  3 orc priests
  A gnoll bouda (D:5)
  2 iguanas
  2 sleepcaps (D:5)
  2 orc wizards
  3 mummies
  4 gnolls (D:5)
  8 adders
  An ufetubus (D:5)
  An adder zombie (Ossuary)
  4 worms
  2 dart slugs
  14 orcs
  6 ball pythons
  A bat (D:2)
  5 endoplasms
  4 giant cockroaches
  13 goblins
  6 hobgoblins
  A jackal (D:2)
  5 quokkas
  4 frilled lizards
  11 hobgoblin zombies (Ossuary)
  2 jackal zombies (Ossuary)
  8 kobolds
  8 kobold zombies (Ossuary)
  7 orc zombies (Ossuary)
  5 rats
  A rat zombie (Ossuary)
  A spectral orc (D:5)
160 creatures vanquished.
